[Event "Titled Tuesday Blitz August 17 2021"]
[White "Aldokhin, Ivan"]
[Black "Hambleton, Aman"]
[WhiteFideId "24115720"]
[BlackFideId "2606577"]
[WhiteElo "2306"]
[BlackElo "2552"]
[Result "1-0"]
[Round "10"]
[TimeControl "180+1"]
[Date "2021.08.17"]
[WhiteClock "0:00:55"]
[BlackClock "0:00:01"]

1. e4 b6 2. d4 Bb7 3. Bd3 e6 4. Ne2 Nf6 5. Ng3 h5 6. h4 Be7 7. e5 Nd5 8. Be4 b5 9. Nxh5 Ne3 10. Bxe3 Bxe4 11. Qg4 Bxc2 12. Nxg7+ Kf8 13. h5 Nc6 14. Na3 1-0


[Site "https://www.chess.com"]

[Event "Titled Tuesday Blitz August 17 2021"]
[White "AlexOstrovskiy"]
[Black "Timmermans, Mark"]
[BlackFideId "1026399"]
[WhiteElo "2850"]
[BlackElo "2460"]
[Result "1/2-1/2"]
[Round "10"]
[TimeControl "180+1"]
[Date "2021.08.17"]
[WhiteClock "0:00:07"]
[BlackClock "0:00:29"]

1. d4 Nf6 2. Bf4 e6 3. e3 d5 4. Nd2 c5 5. c3 Nc6 6. Ngf3 Bd6 7. Bg3 O-O 8. Bd3 Qc7 9. dxc5 Bxg3 10. hxg3 e5 11. e4 Rd8 12. exd5 Rxd5 13. Qe2 h6 14. Ne4 Qe7 15. Nxf6+ Qxf6 16. Qe4 Rd8 17. O-O-O Be6 18. Rh5 Rac8 19. Nxe5 g6 20. Nxc6 Rxc6 21. Re5 Rdc8 22. f4 Rxc5 23. Rxc5 Rxc5 24. Qxb7 a5 25. Qb8+ Kg7 26. Qd6 Rd5 27. Qb6 h5 28. Qe3 Rd6 29. Bc2 Bxa2 30. Rxd6 Qxd6 31. Be4 Qe6 32. Qd4+ Kg8 33. Qd8+ Kg7 34. Qd4+ Kg8 35. Qe5 Qc4 36. Qe8+ Kg7 37. Qe5+ Kg8 38. Qe8+ Kg7 39. Qe5+ Kg8 1/2-1/2


[Site "https://www.chess.com"]

[Event "Titled Tuesday Blitz August 17 2021"]
[White "Ayushh, Ravikumar"]
[Black "Estrada Nieto, Julian"]
[WhiteFideId "35039482"]
[BlackFideId "5101018"]
[WhiteElo "1441"]
[BlackElo "2270"]
[Result "1-0"]
[Round "10"]
[TimeControl "180+1"]
[Date "2021.08.18"]
[WhiteClock "0:00:08"]
[BlackClock "0:00:08"]

1. Nf3 d5 2. d4 Nf6 3. g3 c6 4. Bg2 Bf5 5. O-O Nbd7 6. b3 e6 7. Bb2 Bd6 8. Nbd2 O-O 9. c4 h6 10. Ne5 Qe7 11. Qc1 a5 12. a3 Rfc8 13. Nxd7 Qxd7 14. c5 Bc7 15. b4 Re8 16. Nf3 Ne4 17. Ne5 Qe7 18. Nd3 Ng5 19. h4 Ne4 20. Qe3 b5 21. cxb6 Bxb6 22. Nc5 Nxc5 23. dxc5 Bc7 24. Be5 Bxe5 25. Qxe5 f6 26. Qf4 g5 27. hxg5 hxg5 28. Qd2 Kg7 29. f4 g4 30. Rfe1 Red8 31. Qd4 e5 32. fxe5 Qxe5 33. Qxe5 fxe5 34. e4 dxe4 35. Bxe4 Be6 36. Bxc6 Rac8 37. b5 Bd5 38. Rxe5 Bxc6 39. bxc6 Rxc6 40. Rc1 Rdc8 41. Rg5+ Kf6 42. Rxg4 Rxc5 43. Rxc5 Rxc5 44. Ra4 Kg5 45. Kg2 Rb5 46. Kh3 Kh5 47. Rg4 Rb3 48. Rh4+ Kg5 49. Ra4 Rb5 50. Rg4+ Kh5 51. a4 Rc5 52. Rf4 Kg5 53. Rg4+ Kh5 54. Rd4 Kg5 55. Rd3 Rc4 56. Rd5+ Kg6 57. Rxa5 Rc3 58. Ra8 Ra3 59. a5 Kg5 60. a6 Ra1 61. a7 Kg6 62. Rg8+ Kh7 63. a8=Q Rxa8 64. Rxa8 Kg7 65. Ra6 Kh7 66. Kg4 Kg7 67. Kg5 Kh7 68. Ra7+ 1-0


[Site "https://www.chess.com"]

[Event "Titled Tuesday Blitz August 17 2021"]
[White "Babiy, Olga"]
[Black "Munkhzul, Davaakhuu"]
[WhiteFideId "14117258"]
[BlackFideId "4902815"]
[WhiteElo "2253"]
[BlackElo "1957"]
[Result "1-0"]
[Round "10"]
[TimeControl "180+1"]
[Date "2021.08.17"]
[WhiteClock "0:00:26"]
[BlackClock "0:00:03"]

1. d4 d5 2. Bf4 Nf6 3. e3 e6 4. Nf3 Bd6 5. Nbd2 Bxf4 6. exf4 c5 7. dxc5 Qc7 8. Ne5 Qxc5 9. Bd3 O-O 10. O-O Nbd7 11. Ndf3 Qb4 12. Qc1 h6 13. c3 Qd6 14. Re1 Nc5 15. Bc2 Nce4 16. Qe3 b6 17. Rad1 Qc7 18. Nd4 Bb7 19. g4 Nd6 20. Qd3 a5 21. Bb1 Nde4 22. f3 Nc5 23. Qc2 g5 24. fxg5 hxg5 25. Qd2 Nh7 26. Bxh7+ Kxh7 27. Qxg5 Rg8 28. Qf6 Rg7 29. g5 Qd8 30. Qh6+ Kg8 31. g6 Qf6 32. Rd2 fxg6 33. Rg2 Rf8 34. Nxg6 Rh7 35. Nxf8+ Kf7 36. Qxh7+ 1-0


[Site "https://www.chess.com"]

[Event "Titled Tuesday Blitz August 17 2021"]
[White "Bacrot, Etienne"]
[Black "Sapunov, Evgeny"]
[WhiteFideId "605506"]
[BlackFideId "4126661"]
[WhiteElo "2673"]
[BlackElo "2470"]
[Result "1/2-1/2"]
[Round "10"]
[TimeControl "180+1"]
[Date "2021.08.17"]
[WhiteClock "0:00:03"]
[BlackClock "0:00:21"]

1. e4 c5 2. Nf3 d6 3. d4 cxd4 4. Nxd4 Nf6 5. Nc3 Nc6 6. h4 a6 7. Bg5 e6 8. Qd2 h6 9. Be3 Nxd4 10. Bxd4 b5 11. a3 Be7 12. f3 Bd7 13. g4 Rb8 14. b4 Bc6 15. O-O-O e5 16. Be3 Qc7 17. Kb2 Rd8 18. Qf2 Qb7 19. Bb6 Ra8 20. Bg2 d5 21. exd5 Nxd5 22. Nxd5 Bxd5 23. Bc5 Rd8 24. g5 h5 25. Rhe1 O-O 26. Rxe5 Bxc5 27. Qxc5 Bxf3 28. Rxd8 Rxd8 29. Re7 Qd5 30. Bxf3 Qxf3 31. Ra7 Qg4 32. Rxa6 Qxh4 33. Ra7 Qe4 34. Re7 Qg6 35. Qxb5 h4 36. Re8+ Rxe8 37. Qxe8+ Kh7 38. Qe3 Qh5 39. Qe4+ Kg8 40. Qe8+ Kh7 41. Qe4+ Kg8 42. Qe8+ Kh7 43. Qe4+ 1/2-1/2


[Site "https://www.chess.com"]

[Event "Titled Tuesday Blitz August 17 2021"]
[White "Barp, Alberto"]
[Black "Mekhitarian, Krikor Sevag"]
[WhiteFideId "872555"]
[BlackFideId "2107660"]
[WhiteElo "2229"]
[BlackElo "2598"]
[Result "1/2-1/2"]
[Round "10"]
[TimeControl "180+1"]
[Date "2021.08.17"]
[WhiteClock "0:00:19"]
[BlackClock "0:00:04"]

1. Nf3 g6 2. g3 Bg7 3. Bg2 e5 4. d3 d5 5. O-O Nc6 6. Nc3 d4 7. Ne4 Nge7 8. e3 O-O 9. exd4 exd4 10. Bg5 h6 11. Bf6 Bxf6 12. Nxf6+ Kg7 13. Ne4 b6 14. Re1 Be6 15. h3 Qd7 16. Kh2 Rae8 17. Qc1 f5 18. Ned2 Bd5 19. Nc4 g5 20. Qd2 Ng6 21. Rxe8 Rxe8 22. Re1 b5 23. Rxe8 Qxe8 24. Na5 Bxf3 25. Bxf3 Nce5 26. Bg2 f4 27. Be4 Qe6 28. Nb3 Qd6 29. a3 c5 30. c3 dxc3 31. Qxc3 c4 32. Nd4 fxg3+ 33. fxg3 Qf6 34. Nf5+ Kh8 35. dxc4 bxc4 36. Qd4 Ne7 37. Qd8+ Ng8 38. Qc7 Nd3 39. Qxc4 Qxb2+ 40. Kg1 Qf2+ 41. Kh1 Qe1+ 42. Kg2 Qd2+ 43. Kg1 Qf2+ 44. Kh1 Qe1+ 45. Kg2 Qe2+ 46. Kg1 Qe1+ 47. Kg2 1/2-1/2


[Site "https://www.chess.com"]

[Event "Titled Tuesday Blitz August 17 2021"]
[White "Bazarov, Konstantin"]
[Black "Ivanisevic, Ivan"]
[WhiteFideId "4137000"]
[BlackFideId "912417"]
[WhiteElo "2122"]
[BlackElo "2499"]
[Result "0-1"]
[Round "10"]
[TimeControl "180+1"]
[Date "2021.08.17"]
[WhiteClock "0:00:17"]
[BlackClock "0:00:07"]

1. d4 Nf6 2. c4 e6 3. Nc3 Bb4 4. f3 Nc6 5. e3 Bxc3+ 6. bxc3 d6 7. Bd3 O-O 8. Ne2 e5 9. O-O Na5 10. e4 Be6 11. d5 Bc8 12. Bg5 h6 13. Bh4 g5 14. Bf2 Nh5 15. c5 Nf4 16. Rb1 b6 17. c6 Nxd3 18. Qxd3 f5 19. Kh1 Qf6 20. Ng3 f4 21. Ne2 Kh7 22. Ng1 g4 23. fxg4 Bxg4 24. Nf3 Rg8 25. Rg1 Rg7 26. Rbf1 Rag8 27. Nd2 Qg6 28. Be1 Qh5 29. Nf3 Bxf3 30. gxf3 Qh3 31. Rxg7+ Rxg7 32. Rg1 b5 33. Rxg7+ Kxg7 34. Qe2 Nc4 35. Qg2+ Qxg2+ 36. Kxg2 Nb2 37. Bf2 Kf7 38. Bxa7 Ke8 39. Kh3 Na4 40. Kg4 Nxc3 41. Kh5 Nxa2 42. Kxh6 b4 43. h4 b3 44. Kg6 b2 45. h5 b1=Q 46. h6 Qh1 47. Bb8 Qxf3 48. Bxc7 Qg4+ 49. Kf6 Nc3 50. h7 Nxe4# 0-1


[Site "https://www.chess.com"]

[Event "Titled Tuesday Blitz August 17 2021"]
[White "Bortnyk, Olexandr"]
[Black "Batsuren, Dambasuren"]
[WhiteFideId "14120828"]
[BlackFideId "4902920"]
[WhiteElo "2723"]
[BlackElo "2371"]
[Result "1/2-1/2"]
[Round "10"]
[TimeControl "180+1"]
[Date "2021.08.17"]
[WhiteClock "0:00:03"]
[BlackClock "0:00:24"]

1. d4 Nf6 2. Nc3 d5 3. Bf4 c5 4. e3 cxd4 5. exd4 a6 6. Nf3 Nc6 7. Ne5 Bf5 8. Bd3 Bxd3 9. Qxd3 e6 10. Nxc6 bxc6 11. O-O Bd6 12. Bxd6 Qxd6 13. Na4 O-O 14. Rfe1 Nd7 15. c4 dxc4 16. Qxc4 Rfb8 17. a3 Nb6 18. Nxb6 Rxb6 19. b4 a5 20. g3 axb4 21. axb4 Rxa1 22. Rxa1 g6 23. Qc5 Qxc5 24. bxc5 Rb4 25. Ra8+ Kg7 26. Rd8 e5 27. dxe5 Rc4 28. Rd7 Kf8 29. f4 Rxc5 30. Kg2 Rc2+ 31. Kh3 h6 32. Rc7 c5 33. Rc6 Ke7 34. Rc7+ Ke6 35. Rc8 c4 36. Kg4 c3 37. Rc6+ Kd7 38. Rc5 Rc1 39. h4 c2 40. h5 gxh5+ 41. Kf5 Ke7 42. Rc7+ Kd8 43. Rc4 Ke7 44. Rc3 Ke8 45. Kf6 h4 46. gxh4 Rf1 47. Rc8+ Kd7 48. Rxc2 Rxf4+ 49. Kg7 Rxh4 50. Kxf7 Rf4+ 51. Kg6 Ke6 52. Rc5 Re4 53. Kxh6 Rxe5 54. Rxe5+ Kxe5 1/2-1/2


[Site "https://www.chess.com"]

[Event "Titled Tuesday Blitz August 17 2021"]
[White "Buscar, Michael"]
[Black "Gunduz, Umut Erdem"]
[WhiteFideId "2603616"]
[BlackFideId "6381383"]
[WhiteElo "2010"]
[BlackElo "2096"]
[Result "0-1"]
[Round "10"]
[TimeControl "180+1"]
[Date "2021.08.18"]
[WhiteClock "0:00:03"]
[BlackClock "0:00:20"]

1. d4 Nf6 2. c4 e6 3. Nf3 Be7 4. g3 O-O 5. Bg2 c5 6. d5 exd5 7. cxd5 d6 8. O-O a6 9. a4 Re8 10. Nc3 Bf8 11. Nd2 Nbd7 12. Nc4 Ne5 13. Qb3 Nxc4 14. Qxc4 Bd7 15. Bg5 h6 16. Bf4 Rb8 17. a5 g5 18. Bd2 Bg7 19. f4 Ng4 20. e4 Bd4+ 21. Kh1 Nf2+ 22. Rxf2 Bxf2 23. e5 dxe5 24. Ne4 Bb5 25. Qc2 exf4 26. Nxf2 fxg3 27. Ng4 Re2 28. Nxh6+ Kg7 29. Nf5+ Kg8 30. Qc3 f6 31. d6 Re5 32. Rf1 Bxf1 33. Ne7+ Rxe7 34. dxe7 Bxg2+ 35. Kxg2 Qxe7 36. Qxg3 Rd8 37. Bc3 Qe4+ 38. Kf1 Rd1+ 39. Kf2 Qc2+ 40. Kf3 Rd3+ 41. Kg4 Qe2+ 42. Kf5 Rxg3 43. hxg3 Qf3+ 44. Kg6 Qxg3 45. Bxf6 g4 46. Be5 Qf3 47. Kg5 g3 48. Bd6 g2 49. Bxc5 Qd5+ 0-1


[Site "https://www.chess.com"]

[Event "Titled Tuesday Blitz August 17 2021"]
[White "Chernobay, Artem"]
[Black "Mikhnenko, Alexander"]
[WhiteFideId "4167406"]
[BlackFideId "34143014"]
[WhiteElo "2480"]
[BlackElo "2135"]
[Result "1-0"]
[Round "10"]
[TimeControl "180+1"]
[Date "2021.08.17"]
[WhiteClock "0:00:17"]
[BlackClock "0:00:06"]

1. d4 Nf6 2. c4 e6 3. Nf3 d5 4. g3 dxc4 5. Bg2 Bb4+ 6. Bd2 a5 7. O-O O-O 8. Bg5 h6 9. Bf4 Nc6 10. a3 Bd6 11. Qc1 Bxf4 12. Qxf4 b6 13. Rd1 Bb7 14. Nc3 Nd5 15. Qd2 a4 16. e4 Nxc3 17. Qxc3 b5 18. d5 Na5 19. dxe6 Qe7 20. Nd4 Nb3 21. Nf5 Qf6 22. e7 Rfe8 23. Rab1 Qxc3 24. bxc3 g6 25. Nxh6+ Kg7 26. Ng4 Rxe7 27. f3 f5 28. exf5 gxf5 29. Nf2 Kf6 30. Nh3 Rae8 31. Nf4 Re3 32. Rd7 Rxc3 33. Rxc7 Bxf3 34. Bxf3 Rxf3 35. Rd1 Kg5 36. h4+ Kg4 37. Rg7# 1-0


[Site "https://www.chess.com"]

[Event "Titled Tuesday Blitz August 17 2021"]
[White "Chigaev, Maksim"]
[Black "Abdurakhmonov, Mukhammadali"]
[WhiteFideId "4108116"]
[BlackFideId "14207346"]
[WhiteElo "2579"]
[BlackElo "2266"]
[Result "1-0"]
[Round "10"]
[TimeControl "180+1"]
[Date "2021.08.17"]
[WhiteClock "0:01:48"]
[BlackClock "0:00:43"]

1. c4 c5 2. Nf3 g6 3. Nc3 Nc6 4. e3 Nf6 5. d4 cxd4 6. exd4 d5 7. cxd5 Nxd5 8. Qb3 Nxc3 9. Bc4 e6 10. bxc3 Bg7 11. Ba3 Bf8 12. O-O Bxa3 13. Qxa3 Qe7 14. Qb2 O-O 15. Rfe1 Qf6 16. Bb5 Bd7 17. Rad1 Rfd8 18. h4 Rac8 19. h5 b6 20. h6 Qf4 21. d5 exd5 22. Rxd5 Be6 23. Bxc6 Bxd5 24. c4 Qxh6 25. Bxd5 Qg7 26. Qxg7+ Kxg7 27. Re7 1-0


[Site "https://www.chess.com"]

[Event "Titled Tuesday Blitz August 17 2021"]
[White "Costachi, Mihnea"]
[Black "Rodchenkov, Vitaly"]
[WhiteFideId "1217518"]
[BlackFideId "4152964"]
[WhiteElo "2482"]
[BlackElo "2337"]
[Result "1-0"]
[Round "10"]
[TimeControl "180+1"]
[Date "2021.08.17"]
[WhiteClock "0:00:51"]
[BlackClock "0:01:01"]

1. d4 Nf6 2. c4 e6 3. Nf3 b6 4. g3 Bb7 5. Bg2 Be7 6. O-O O-O 7. Re1 Na6 8. Nc3 d5 9. cxd5 exd5 10. Bf4 Re8 11. Rc1 Bf8 12. Ne5 c5 13. dxc5 Nxc5 14. Nb5 Ne6 15. Nd3 Ne4 16. Nc7 Nxc7 17. Rxc7 Ba6 18. Qa4 Bxd3 19. exd3 Nc5 20. Qxe8 Qxe8 21. Rxe8 Rxe8 22. Bxd5 Re1+ 23. Kg2 Nxd3 24. Rxf7 Bc5 25. Rxa7+ Kf8 26. Rf7+ Ke8 27. Rxg7 Nxf4+ 28. gxf4 Re2 29. Rxh7 Rxf2+ 30. Kg3 Rxb2 31. Kg4 Rd2 32. Bb3 Bd6 33. h4 Rg2+ 34. Kf3 Rg1 35. f5 Rf1+ 36. Ke4 Rf4+ 37. Kd5 Be7 38. Kc6 Rxf5 39. Kxb6 Rf4 40. h5 Rh4 41. Kc6 Ba3 42. Kd5 Kf8 43. Ke5 Bb2+ 44. Kf5 Rh1 45. Rf7+ Ke8 46. Kg6 Rg1+ 47. Kh7 Rg3 48. Rb7 Bd4 49. Bf7+ Kf8 50. Bg6 Re3 51. Rf7+ Ke8 52. Rf4+ 1-0


[Site "https://www.chess.com"]

[Event "Titled Tuesday Blitz August 17 2021"]
[White "Cunjalo, Faris"]
[Black "Bok, Benjamin"]
[WhiteFideId "14410710"]
[BlackFideId "1017063"]
[WhiteElo "2234"]
[BlackElo "2658"]
[Result "0-1"]
[Round "10"]
[TimeControl "180+1"]
[Date "2021.08.17"]
[WhiteClock "0:00:13"]
[BlackClock "0:00:10"]

1. d4 Nf6 2. Nf3 d5 3. e3 Bf5 4. c4 c6 5. Nc3 e6 6. Be2 Nbd7 7. O-O Bd6 8. Nh4 Bg6 9. a3 Ne4 10. g3 f5 11. Nxe4 fxe4 12. Nxg6 hxg6 13. Bg4 Qe7 14. Bd2 Nf6 15. Rc1 dxc4 16. Rxc4 O-O-O 17. b4 Kb8 18. a4 e5 19. Bc3 exd4 20. Rxd4 Bc7 21. Be2 Qe6 22. Rxd8+ Rxd8 23. Qb1 Qh3 24. Bxf6 Rh8 0-1


[Site "https://www.chess.com"]

[Event "Titled Tuesday Blitz August 17 2021"]
[White "Damjanovic, Vladimir"]
[Black "Rustemov, Alexander"]
[WhiteFideId "903795"]
[BlackFideId "4119002"]
[WhiteElo "2374"]
[BlackElo "2703"]
[Result "1-0"]
[Round "10"]
[TimeControl "180+1"]
[Date "2021.08.17"]
[WhiteClock "0:00:10"]
[BlackClock "0:00:07"]

1. d4 d5 2. Nc3 Bf5 3. Bf4 a6 4. e3 Nf6 5. f3 h5 6. Bd3 Bxd3 7. Qxd3 e6 8. O-O-O c5 9. dxc5 Bxc5 10. e4 d4 11. Nce2 Nc6 12. Nh3 Rc8 13. a3 Nd7 14. Kb1 b5 15. Nc1 e5 16. Bg5 f6 17. Bd2 Nb6 18. Nb3 Qe7 19. c3 Nc4 20. Nxc5 Qxc5 21. cxd4 Nxd4 22. Bb4 Qb6 23. Bc3 a5 24. Bxd4 exd4 25. Qxd4 Qxd4 26. Rxd4 O-O 27. Nf4 h4 28. g3 hxg3 29. hxg3 Rfd8 30. Rhd1 Rxd4 31. Rxd4 a4 32. Nd5 Kf7 33. Nc3 Rc5 34. Kc2 Ne5 35. f4 Nc4 36. Rd7+ Kg6 37. f5+ Kh6 38. Rb7 Nd6 39. Re7 Nc4 40. Kb1 Nd2+ 41. Ka2 Nc4 42. Rb7 Nd6 43. Rb6 Nc4 44. Rxb5 Rc7 45. Nxa4 Ne5 46. Nc3 Kg5 47. a4 Kg4 48. a5 Kxg3 49. a6 Ra7 50. Rb6 Nd7 51. Rd6 Nc5 52. b4 Rxa6+ 53. Rxa6 Nxa6 54. b5 Nb8 55. Kb3 Kf3 56. Kc4 Ke3 57. Kd5 Kd3 58. Na4 Nd7 59. Nc5+ Nxc5 60. Kxc5 Kxe4 61. b6 Kxf5 62. b7 g5 63. b8=Q Kg4 64. Qc8+ f5 65. Kd5 Kf4 66. Ke6 g4 67. Qf8 Kg5 68. Qxf5+ Kh4 69. Qh7+ Kg3 70. Kf5 Kf3 71. Qh1+ Kf2 72. Kxg4 1-0


[Site "https://www.chess.com"]

[Event "Titled Tuesday Blitz August 17 2021"]
[White "Denishev, Marat"]
[Black "Atabayev, Saparmyrat"]
[WhiteFideId "24131563"]
[BlackFideId "14000571"]
[WhiteElo "2132"]
[BlackElo "2483"]
[Result "1/2-1/2"]
[Round "10"]
[TimeControl "180+1"]
[Date "2021.08.17"]
[WhiteClock "0:02:12"]
[BlackClock "0:02:12"]

1. d4 c5 2. d5 e6 3. c4 Nf6 4. Nc3 exd5 5. cxd5 d6 6. Nf3 g6 7. Bf4 Bg7 8. Qa4+ Bd7 9. Qb3 Qc7 10. Nd2 O-O 11. Nc4 Ne8 12. e4 Na6 13. Be2 Rb8 14. Nb5 Bxb5 15. Qxb5 Nb4 16. O-O Nc2 17. Bf3 Nxa1 18. Rxa1 a6 19. Qb6 Qxb6 20. Nxb6 Rd8 21. Rb1 Be5 22. Bh6 Bg7 23. Bf4 Nc7 24. Nc4 Ne8 25. Nb6 1/2-1/2


[Site "https://www.chess.com"]

[Event "Titled Tuesday Blitz August 17 2021"]
[White "Dev, Shah"]
[Black "Khodzhamkuliev, Bahadur"]
[WhiteFideId "35019058"]
[BlackFideId "24135046"]
[WhiteElo "2098"]
[BlackElo "2130"]
[Result "1-0"]
[Round "10"]
[TimeControl "180+1"]
[Date "2021.08.17"]
[WhiteClock "0:00:10"]
[BlackClock "0:00:07"]

1. Nf3 Nc6 2. d4 g6 3. c4 d6 4. Nc3 Bg7 5. d5 Nb8 6. e4 Nf6 7. Be2 Bg4 8. O-O O-O 9. h3 Bxf3 10. Bxf3 a5 11. Be3 Nfd7 12. Be2 Na6 13. f4 Nac5 14. Qc2 c6 15. Rad1 Qb6 16. b3 Qb4 17. dxc6 bxc6 18. e5 a4 19. Nxa4 Nxa4 20. bxa4 Nc5 21. exd6 exd6 22. Rxd6 Rfe8 23. Bf2 Qxa4 24. Qxa4 Rxa4 25. Bxc5 Bf8 26. Bd1 Rxc4 27. Ba3 Ra8 28. Bb3 Rxa3 29. Rd7 Rxb3 30. axb3 Rb4 31. Rf3 c5 32. f5 g5 33. f6 h6 34. Rd8 Rd4 35. Rxd4 cxd4 36. Rf5 Kh7 37. Rd5 Kg6 38. Kf1 Kxf6 39. Rxd4 Ke6 40. Rc4 h5 41. Ke2 f5 42. Kf3 g4+ 43. hxg4 hxg4+ 44. Kf2 Bd6 45. Rc8 f4 46. Rg8 Bc5+ 47. Kf1 f3 48. Rxg4 fxg2+ 49. Kxg2 Kd5 50. Rc4 Bd6 51. Kf3 Be5 52. Ke2 Bd6 53. Kd3 Be5 54. b4 Bd6 55. b5 Bc5 56. Rh4 Bb6 57. Rh5+ Kd6 58. Kc4 Ba5 59. Rh6+ Kc7 60. Kc5 Kb7 61. Rh7+ Kb8 62. Kc6 Be1 63. b6 Bf2 64. Rh8# 1-0


[Site "https://www.chess.com"]

[Event "Titled Tuesday Blitz August 17 2021"]
[White "Dobrowolski, Piotr"]
[Black "Maksimovic, Bojan"]
[WhiteFideId "1106236"]
[BlackFideId "14408120"]
[WhiteElo "2296"]
[BlackElo "2439"]
[Result "0-1"]
[Round "10"]
[TimeControl "180+1"]
[Date "2021.08.17"]
[WhiteClock "0:00:03"]
[BlackClock "0:00:20"]

1. e4 c5 2. Nf3 Nc6 3. d4 cxd4 4. Nxd4 Nf6 5. Nc3 e5 6. Ndb5 h6 7. Nd5 Nxd5 8. exd5 a6 9. Nc3 Nd4 10. Bd3 g6 11. O-O d6 12. f4 Bg7 13. Kh1 O-O 14. Qe1 f5 15. fxe5 dxe5 16. Be3 e4 17. Bxd4 Bxd4 18. Bc4 Qd6 19. Rd1 Be5 20. Qh4 Kg7 21. Bb3 Bd7 22. g4 Bxc3 23. bxc3 fxg4 24. Qg3 Qxg3 25. hxg3 Rf3 26. Kg2 Re8 27. c4 b6 28. d6 h5 29. c5 bxc5 30. Bd5 Re5 31. c4 Kf6 32. Rb1 Ref5 33. Bxe4 Rxf1 34. Rxf1 Rxf1 35. Kxf1 Be8 36. Ke2 Ke6 37. Ke3 g5 38. a4 a5 39. Bc2 Kxd6 40. Bd1 Ke5 41. Bc2 h4 42. Bd1 Bd7 43. Kf2 h3 44. Kg1 Kd4 45. Kh2 Kxc4 0-1


[Site "https://www.chess.com"]

[Event "Titled Tuesday Blitz August 17 2021"]
[White "Dudzinski, Pawel"]
[Black "Perez Rodriguez, Luis Manuel"]
[WhiteFideId "1117890"]
[BlackFideId "3503364"]
[WhiteElo "2193"]
[BlackElo "2429"]
[Result "1-0"]
[Round "10"]
[TimeControl "180+1"]
[Date "2021.08.17"]
[WhiteClock "0:02:00"]
[BlackClock "0:01:19"]

1. e4 e5 2. Nc3 Nc6 3. g3 h5 4. h3 h4 5. g4 Nge7 6. Nge2 Ng6 7. d4 exd4 8. Nxd4 Bc5 9. Nxc6 Qf6 10. f4 Nxf4 11. Qf3 g5 12. Na5 O-O 13. Nb3 Bb6 14. Bxf4 gxf4 15. O-O-O a5 16. Nd5 1-0


[Site "https://www.chess.com"]

[Event "Titled Tuesday Blitz August 17 2021"]
[White "Ezat, Mohamed"]
[Black "Djordjevic, Vuk"]
[WhiteFideId "10600906"]
[BlackFideId "902098"]
[WhiteElo "2414"]
[BlackElo "2463"]
[Result "1-0"]
[Round "10"]
[TimeControl "180+1"]
[Date "2021.08.17"]
[WhiteClock "0:00:04"]
[BlackClock "0:00:02"]

1. d4 Nf6 2. c4 e6 3. Nc3 Bb4 4. e3 O-O 5. a3 Bxc3+ 6. bxc3 c5 7. Bd3 b6 8. Ne2 Bb7 9. f3 d5 10. cxd5 exd5 11. O-O Re8 12. Ng3 Nc6 13. Ra2 Qc8 14. Raf2 Ba6 15. e4 cxd4 16. cxd4 Bxd3 17. Qxd3 dxe4 18. fxe4 Qd7 19. Rxf6 gxf6 20. Bb2 Rad8 21. Nh5 Qd6 22. Nxf6+ Kf8 23. e5 Rxe5 24. Qxh7 Nxd4 25. Ng4 Ne2+ 26. Kh1 Nf4 27. Nxe5 Qd5 28. Qh8+ Ke7 29. Qh4+ Ke6 30. Qxf4 Kd6 31. Nxf7+ Kc5 32. Nxd8 Qxd8 33. Qb4+ Kc6 34. Qc4+ Kb7 35. Rf7+ Ka8 36. Qc6+ Kb8 37. Be5+ Qc7 38. Qxc7+ Ka8 39. Qb7# 1-0


[Site "https://www.chess.com"]

[Event "Titled Tuesday Blitz August 17 2021"]
[White "Fajdetic, Hrvoje"]
[Black "Balabayeva, Xeniya"]
[WhiteFideId "14501945"]
[BlackFideId "13719688"]
[WhiteElo "2153"]
[BlackElo "1988"]
[Result "0-1"]
[Round "10"]
[TimeControl "180+1"]
[Date "2021.08.18"]
[WhiteClock "0:00:28"]
[BlackClock "0:00:23"]

1. d4 d5 2. Bf4 Nf6 3. e3 c5 4. Nc3 Bg4 5. f3 Bd7 6. dxc5 e6 7. b4 Na6 8. a3 Be7 9. Bd3 Nh5 10. Be5 Bf6 11. Bxf6 Qxf6 12. Qd2 O-O 13. Nge2 Nc7 14. g4 Qh4+ 15. Kf1 Nf6 16. Qe1 Qh3+ 17. Kf2 e5 18. Ng3 e4 19. Bf1 Qh4 20. h3 exf3 21. Kxf3 Rae8 22. Qf2 d4 23. exd4 Bc6+ 24. d5 Ncxd5 25. Nxd5 Bxd5+ 26. Kf4 Qh6+ 27. g5 Qh4+ 28. Kf5 g6+ 29. Kxf6 Re6# 0-1


[Site "https://www.chess.com"]

[Event "Titled Tuesday Blitz August 17 2021"]
[White "Firat, Burak"]
[Black "Ibarra Jerez, Jose Carlos"]
[WhiteFideId "6305881"]
[BlackFideId "2226332"]
[WhiteElo "2531"]
[BlackElo "2602"]
[Result "0-1"]
[Round "10"]
[TimeControl "180+1"]
[Date "2021.08.17"]
[WhiteClock "0:00:16"]
[BlackClock "0:00:23"]

1. d4 Nf6 2. Bg5 d5 3. Bxf6 gxf6 4. e3 c5 5. dxc5 e6 6. c4 dxc4 7. Qa4+ Nc6 8. Qxc4 Qa5+ 9. Nd2 Bxc5 10. Nf3 Bd7 11. Rc1 Be7 12. Be2 Rc8 13. O-O O-O 14. Qg4+ Kh8 15. Nc4 Qxa2 16. Qh5 b5 17. Bd3 f5 18. Ng5 Bxg5 19. Qxg5 f6 20. Qh6 bxc4 21. Rxc4 Qxb2 22. Rb1 Qe5 23. Rb7 Qd6 24. h3 Rf7 25. Be2 Rg8 26. Bf3 Ne5 27. Rf4 Nxf3+ 28. Rxf3 Qc6 0-1


[Site "https://www.chess.com"]

[Event "Titled Tuesday Blitz August 17 2021"]
[White "Garv Gaur"]
[Black "Eternauta2400"]
[WhiteFideId "45030839"]
[WhiteElo "1950"]
[BlackElo "2560"]
[Result "1-0"]
[Round "10"]
[TimeControl "180+1"]
[Date "2021.08.17"]
[WhiteClock "0:00:19"]
[BlackClock "0:00:20"]

1. d4 Nf6 2. Nf3 d5 3. c4 e6 4. g3 dxc4 5. Bg2 Nbd7 6. O-O a6 7. a4 Rb8 8. a5 b5 9. axb6 cxb6 10. Bf4 Bb7 11. Bxb8 Qxb8 12. b3 cxb3 13. Qxb3 Be7 14. Nc3 O-O 15. Rfc1 h6 16. Ne5 Nxe5 17. dxe5 Nd7 18. Bxb7 Qxb7 19. Ne4 Qxe4 20. Rc7 Qd4 21. Rd1 Qxe5 22. Rcxd7 Bc5 23. e3 a5 24. Rd8 Rxd8 25. Rxd8+ Kh7 26. Qd3+ g6 27. Qd7 Qf6 28. Qe8 h5 29. Rd7 Kg7 30. Rd8 Kh6 31. h4 a4 32. Rd7 Kg7 33. Rd8 Kh6 34. Rd7 Kg7 35. Rd8 g5 36. Qg8+ Kh6 37. hxg5+ Qxg5 38. Qh8+ Kg6 39. Rg8+ Kf5 40. e4+ Kg4 41. Rxg5+ Kxg5 42. Qe5+ Kg6 43. Qc3 a3 44. Kg2 Kg5 45. f4+ Kg6 46. Kh3 Be7 47. g4 hxg4+ 48. Kxg4 f5+ 49. exf5+ exf5+ 50. Kf3 Bc5 51. Ke2 Kh5 52. Qg3 Be7 53. Qb3 Bc5 54. Kf3 Kg6 55. Qg8+ Kf6 56. Ke2 Ke7 57. Kd3 Kd6 58. Qg6+ Kd5 59. Qxf5+ Kc6 60. Qe6+ Kb5 61. Qc4+ Kc6 62. f5 b5 63. Qe6+ Bd6 64. f6 b4 65. f7 Kc7 66. Qxd6+ 1-0


[Site "https://www.chess.com"]

[Event "Titled Tuesday Blitz August 17 2021"]
[White "Gerzhoy, Leonid"]
[Black "Obolentseva, Alexandra"]
[WhiteFideId "2806126"]
[BlackFideId "24153648"]
[WhiteElo "2539"]
[BlackElo "2113"]
[Result "0-1"]
[Round "10"]
[TimeControl "180+1"]
[Date "2021.08.17"]
[WhiteClock "0:00:05"]
[BlackClock "0:00:20"]

1. d4 Nf6 2. Nf3 g6 3. Bg5 Bg7 4. Nbd2 d5 5. e3 h6 6. Bh4 g5 7. Bg3 Nh5 8. c4 Nxg3 9. hxg3 Bg4 10. cxd5 Qxd5 11. Bc4 Qd7 12. Qb3 c6 13. Bxf7+ Kd8 14. O-O-O Na6 15. Nc4 Kc7 16. Nce5 Bxe5 17. dxe5 Qf5 18. Bc4 Nc5 19. Qa3 b6 20. Be2 Bxf3 21. Bxf3 Qxe5 22. Rd4 a5 23. Qc3 Qf6 24. Rhd1 Rhd8 25. Qc4 Rd6 26. Rxd6 exd6 27. Qc2 Re8 28. Qh7+ Re7 29. Qg8 Qe6 30. Qa8 d5 31. Qa7+ Nb7 32. Qa6 Qd6 33. Qd3 Nc5 34. Qc3 Qe5 35. Qxe5+ Rxe5 36. Rh1 Re6 37. Kc2 Rf6 38. Kc3 Kd6 39. Kc2 Ne4 40. Bxe4 dxe4 41. Rf1 Ke5 42. Kd2 Rd6+ 43. Ke2 Rd5 44. Rc1 Rb5 45. Rc2 c5 46. f4+ exf3+ 47. gxf3 Rb4 48. f4+ gxf4 49. gxf4+ Ke4 50. Rd2 a4 51. Kf2 h5 52. Kg3 Kxe3 53. Rd8 Rxf4 54. Re8+ Re4 55. Rxe4+ Kxe4 0-1


[Site "https://www.chess.com"]